 Dungeon Crawl Stone Soup version 0.24.0-35-gdb84b6a5db (webtiles) character file.

Game seed: 9104384556213514261, levelgen mode: deterministic

1820 lepoulpe303 the Slasher (level 9, -12/62 HPs)
             Began as a Halfling Berserker on Nov 18, 2019.
             Was an Elder of Trog.
             Mangled by an orc warrior
             ... wielding a +0 war axe
              (16 damage)
             ... in a bailey on Nov 19, 2019.
             The game lasted 00:16:33 (5404 turns).

lepoulpe303 the Slasher (Halfling Berserker)        Turns: 5404, Time: 00:16:33

Health: -12/62     AC: 12    Str: 21    XL:     9   Next: 32%
Magic:  9/9        EV: 15    Int:  5    God:    Trog [****..]
Gold:   183        SH:  0    Dex: 14    Spells: 8/8 levels left

rFire    . . .     SeeInvis .   a - +0 long sword
rCold    . . .     Gourm    .   (shield restricted)
rNeg     . . .     Faith    .   k - +0 scale mail
rPois    .         Spirit   .   i - +2 helmet
rElec    .         Reflect  .   x - +1 cloak {MR+} {MR+}
rCorr    .         Harm     .   (no gloves)
MR       +++..                  (no boots)
Stlth    +.........             (no amulet)
HPRegen  1.20/turn              (no ring)
MPRegen  0.11/turn              (no ring)

@: regenerating, hasted, very quick
A: small, mutation resistance 1
a: Berserk, Trog's Hand, Brothers in Arms, Renounce Religion


You were in a bailey.
You worshipped Trog.
Trog was greatly pleased with you.
You were not hungry.

You visited 1 branch of the dungeon, and saw 6 of its levels.
You also visited: Bailey.

You collected 183 gold pieces.

Inventory:

Hand Weapons
 a - a +0 long sword (weapon)
 b - a +0 hunting sling of velocity
 c - a +0 dagger of venom
 d - a +0 falchion
Missiles
 p - 3 poisoned darts
 v - 29 sling bullets
 Q - 35 stones (quivered)
Armour
 g - a +2 ring mail of positive energy {rN+}
 i - a +2 helmet (worn)
 k - a +0 scale mail (worn)
 x - a +1 cloak of magic resistance (worn) {MR+}
 C - a +0 chain mail
Jewellery
 n - an uncursed amulet of faith {unknown}
 z - an uncursed ring of stealth {unknown}
Wands
 w - a wand of flame (14)
Scrolls
 j - a scroll of enchant armour {unknown}
 m - a scroll of remove curse {unknown}
 o - a scroll of amnesia {unknown}
 t - 2 scrolls of teleportation
 y - a scroll of random uselessness {unknown}
 B - a scroll of identify {unknown}
Potions
 f - 2 potions of brilliance {unknown}
 h - 2 potions of haste
 l - a potion of curing {unknown}
 q - a potion of berserk rage {unknown}
 r - a potion of heal wounds {unknown}
 s - a potion of magic {unknown}
 u - a potion of invisibility {unknown}
 A - a potion of degeneration {unknown}
Comestibles
 e - 10 rations


   Skills:
 * Level 5.9 Fighting
 * Level 6.4 Long Blades
 + Level 5.3 Slings
 + Level 4.8 Armour
 + Level 4.9 Dodging
 + Level 4.6 Stealth


You had 8 spell levels left.
You didn't know any spells.
Your spell library was empty.

Dungeon Overview and Level Annotations

Branches:
Dungeon (7/15)             Bailey (1/1)
 Temple: D:4-7

Altars:
Ashenzari
Elyvilon
Sif Muna
Uskayaw
Yredelemnul
The Shining One

Annotations:
D:3 2 transporters


Innate Abilities, Weirdness & Mutations

You are small and have problems with some larger weapons.
You are somewhat resistant to further mutation.


Message History

The orc warrior hits you but does no damage.
Your skin crawls.
You feel resistant to hostile enchantments.
You feel somewhat more hungry.
The orc warrior hits you with a +0 war axe!
* * * LOW HITPOINT WARNING * * *
You take 6 damage, and have 25/62 hp.
You hit the orc warrior but do no damage.
The orc warrior hits you with a +0 war axe!
* * * LOW HITPOINT WARNING * * *
You take 12 damage, and have 13/62 hp.
You closely miss the orc warrior.
The orc warrior hits you with a +0 war axe!
* * * LOW HITPOINT WARNING * * *
You take 10 damage, and have 3/62 hp.
You feel yourself speed up.
h - 2 potions of haste
g - a +2 ring mail of positive energy {rN+} The orc warrior hits you with a +0 war axe!
You die...

......... .g...(.
...(. ..( ###'###
##.(...## #..)8...#
#∩.o..}∩# ##.@...##
####')'####
##≈.......≈##
####≈≈.......≈≈###
^'.'≈≈.......≈≈'.'
#.###≈≈.......≈≈###
#.'.'≈≈.......≈≈'.'
#.###≈≈.......≈≈###.#
#.'.(≈≈.......≈≈(.'.


You could see an orc warrior.

Levels and vault maps discovered:
D:1:      dpeg_arrival_shrine, layout_loops_ring, minmay_misc_feat_diagonals,
          columned_hall_lemuel
D:2:      layout_basic, ashenzari_conservatory_becter, first_ration,
          uniq_natasha
D:3:      gammafunk_steamed_eel, layout_loops_ring
D:4:      layout_loops_ring, gammafunk_temple_overflow_claw,
          yredelemnul_altar_generic, lemuel_blue_sif_altar,
          cheibrodos_sewer_entry_bend, uniq_pikel, uniq_crazy_yiuf_cottage,
          uniq_blork_the_orc
D:5:      layout_basic, uniq_grinder, uniq_ijyb, uniq_menkaure
D:7:      minmay_angry_zag, layout_basic, kennysheep_mini_moat,
          minmay_temple_entry_slanted, enter_bailey_8,
          chequers_serial_rivers_large_b
Bailey:   bailey_axe_3, bailey

Notes
Turn   | Place    | Note
-------+----------+-------------------------------------------
     0 | D:1      | lepoulpe303 the Halfling Berserker began the quest for the
                  | Orb.
     0 | D:1      | Reached XP level 1. HP: 15/15 MP: 1/1
   115 | D:1      | Identified a +0 club
   116 | D:1      | Identified a +0 dagger of venom
   203 | D:1      | Reached XP level 2. HP: 20/20 MP: 2/2
   211 | D:1      | Identified a +0 falchion
   246 | D:1      | Identified a +0 club
   396 | D:1      | Identified a +0 short sword
   410 | D:1      | HP: 5/20 [kobold/+0 short sword (5)]
   411 | D:1      | Reached skill level 3 in Fighting
   645 | D:1      | Reached skill level 1 in Stealth
   645 | D:1      | Reached XP level 3. HP: 22/26 MP: 3/3
   754 | D:1      | Identified a +2 ring mail of positive energy (You found it
                  | on level 1 of the Dungeon)
   789 | D:1      | Identified a +0 whip
   948 | D:1      | Identified a +0 dagger
  1107 | D:2      | Identified a +0 club
  1108 | D:2      | Noticed Natasha
  1181 | D:2      | Identified a +0 dagger
  1236 | D:2      | Identified a +0 club
  1340 | D:2      | Identified a +0 hunting sling of velocity
  1424 | D:2      | Identified a +0 club
  1425 | D:2      | Identified a +0 club
  1439 | D:2      | Reached ** piety under Trog
  1491 | D:2      | Found a shattered altar of Ashenzari.
  1510 | D:2      | Killed Natasha
  1510 | D:2      | Reached XP level 4. HP: 27/31 MP: 4/4
  1641 | D:2      | Noticed Natasha
  1646 | D:2      | Killed Natasha
  1646 | D:2      | Reached skill level 1 in Slings
  1646 | D:2      | Reached XP level 5. HP: 36/36 MP: 5/5
  1749 | D:2      | Identified a +0 dagger
  1823 | D:2      | Identified a +2 helmet (You found it on level 2 of the
                  | Dungeon)
  2076 | D:2      | Noticed Natasha
  2085 | D:2      | Killed Natasha
  2211 | D:2      | Reached skill level 2 in Stealth
  2220 | D:3      | Reached skill level 3 in Dodging
  2319 | D:3      | Identified a +0 club
  2323 | D:3      | Reached skill level 3 in Armour
  2534 | D:3      | Reached skill level 4 in Long Blades
  2534 | D:3      | Reached XP level 6. HP: 43/43 MP: 6/6
  2565 | D:3      | Identified a +0 dagger
  2570 | D:3      | Reached skill level 2 in Slings
  2660 | D:3      | Found a transporter.
  2663 | D:3      | Identified a +1 dagger of freezing
  2691 | D:3      | Identified a +0 short sword
  2691 | D:3      | Identified a +0 leather armour
  2707 | D:3      | Identified a +0 club
  2708 | D:3      | Identified a +0 dagger
  2803 | D:3      | Found a transporter.
  2821 | D:3      | You fall into a shaft and drop 1 floor!
  2830 | D:4      | Noticed a slave
  2837 | D:4      | Found a basalt altar of Yredelemnul.
  2882 | D:4      | Identified a +0 cloak (You found it on level 4 of the
                  | Dungeon)
  2938 | D:4      | Found a glowing drain.
  3061 | D:4      | Reached *** piety under Trog
  3075 | D:4      | Identified a +0 giant club
  3075 | D:4      | Noticed an ogre
  3087 | D:4      | Killed an ogre
  3087 | D:4      | Reached skill level 4 in Fighting
  3087 | D:4      | Reached XP level 7. HP: 32/48 MP: 7/7
  3089 | D:4      | Identified a +0 club
  3089 | D:4      | Identified a +0 scale mail
  3297 | D:4      | Identified a +0 flail
  3342 | D:4      | Identified a +0 morningstar
  3342 | D:4      | Identified a +0 leather armour
  3343 | D:4      | Identified a +0 short sword
  3343 | D:4      | Identified a +0 mace
  3368 | D:4      | Identified 2 scrolls of teleportation
  3548 | D:4      | Found a glowing golden altar of the Shining One.
  3548 | D:4      | Found a hide-covered altar of Uskayaw.
  3548 | D:4      | Identified a +0 club
  3561 | D:4      | Found a white marble altar of Elyvilon.
  3578 | D:4      | Identified a +3 glaive of protection
  3578 | D:4      | Identified a +0 robe
  3578 | D:4      | Noticed Blork the orc
  3591 | D:4      | HP: 12/48 [Blork the orc/magic dart (2)]
  3598 | D:4      | HP: 5/72 [Blork the orc/puff of frost (2)]
  3599 | D:4      | Killed Blork the orc
  3929 | D:4      | Reached skill level 3 in Slings
  4017 | D:4      | Found a shimmering blue altar of Sif Muna.
  4159 | D:4      | Found a runed translucent door.
  4160 | D:4      | Identified a +4 quarterstaff of chaos
  4160 | D:4      | Identified a +1 cloak of magic resistance
  4160 | D:4      | Noticed Crazy Yiuf
  4170 | D:4      | Killed Crazy Yiuf
  4170 | D:4      | Reached skill level 3 in Stealth
  4318 | D:4      | Identified a +0 whip of freezing
  4318 | D:4      | Identified a +0 robe
  4318 | D:4      | Noticed Pikel
  4333 | D:4      | Killed Pikel
  4333 | D:4      | Reached skill level 5 in Fighting
  4333 | D:4      | Reached skill level 5 in Long Blades
  4333 | D:4      | Reached skill level 4 in Slings
  4333 | D:4      | Reached skill level 4 in Armour
  4333 | D:4      | Reached skill level 4 in Dodging
  4333 | D:4      | Reached XP level 8. HP: 55/55 MP: 8/8
  4419 | D:5      | Entered Level 5 of the Dungeon
  4424 | D:5      | Identified a +0 short sword
  4530 | D:5      | Identified a +0 club
  4530 | D:5      | Identified a +0 leather armour
  4530 | D:5      | Identified a +0 short sword
  4532 | D:5      | Identified a +0 dagger
  4532 | D:5      | Identified a +0 leather armour
  4532 | D:5      | Identified a cursed -3 dagger
  4533 | D:5      | Identified a +0 hand axe
  4533 | D:5      | Identified a +0 chain mail
  4633 | D:5      | Noticed Grinder
  4644 | D:5      | Killed Grinder
  4644 | D:5      | Reached skill level 4 in Stealth
  4645 | D:5      | Identified a +0 dagger
  4645 | D:5      | Identified a +0 robe
  4646 | D:5      | Identified a +0 dagger
  4646 | D:5      | Identified a +0 robe
  4649 | D:5      | Identified a +0 falchion
  4651 | D:5      | Identified a +0 mace
  4651 | D:5      | Identified a +0 giant club
  4652 | D:5      | Identified a +0 whip
  4670 | D:4      | Reached skill level 6 in Long Blades
  4670 | D:4      | Reached XP level 9. HP: 42/61 MP: 9/9
  4824 | D:5      | You fall into a shaft and drop 2 floors!
  4824 | D:7      | Identified a +3 dagger of flaming
  4836 | D:7      | Reached **** piety under Trog
  4866 | D:7      | Reached skill level 5 in Slings
  4965 | D:7      | Found a flagged portal.
  5032 | D:7      | Identified a +0 long sword (You found it on level 7 of the
                  | Dungeon)
  5062 | Bailey   | Entered a bailey
  5176 | Bailey   | Identified a +0 war axe
  5176 | Bailey   | Identified a +0 chain mail
  5362 | Bailey   | Identified a +0 hand axe
  5362 | Bailey   | Identified a +0 leather armour
  5362 | Bailey   | Identified a +0 war axe
  5362 | Bailey   | Identified a +0 leather armour
  5362 | Bailey   | Identified a +0 hand axe
  5362 | Bailey   | Identified a +0 leather armour
  5378 | Bailey   | Identified a +0 war axe
  5378 | Bailey   | Identified a +0 scale mail
  5384 | Bailey   | Identified a +0 war axe
  5384 | Bailey   | Identified a +0 chain mail
  5402 | Bailey   | HP: 13/62 [orc warrior/+0 war axe (13)]
  5403 | Bailey   | HP: 3/62 [orc warrior/+0 war axe (12)]
  5404 | Bailey   | Mangled by an orc warrior

Table legend:
 A = Turns spent in this place as a percentage of turns spent in the entire game.
 B = Non-inter-level travel turns spent in this place as a percentage of non-inter-level travel turns spent in the entire game.
 C = Inter-level travel turns spent in this place as a percentage of turns spent in this place.
 D = Turns resting spent in this place as a percentage of non-inter-level travel turns spent in this place.
 E = Turns spent auto-exploring this place as a percentage of non-inter-level travel turns spent in this place.
 F = Non-inter-level travel turns spent in this place divided by the number of levels of this place that you've seen.
                   A       B       C       D       E      F
               +-------+-------+-------+-------+-------+----------------------
         Total | 100.0 | 100.0 |   7.0 |  25.6 |  46.5 | 718.3
       Dungeon |  93.7 |  93.2 |   7.4 |  23.7 |  49.9 | 781.0
        Bailey |   6.3 |   6.8 |   0.0 |  52.6 |   0.0 | 342.0
               +-------+-------+-------+-------+-------+----------------------

Table legend:
 A = Kills in this place as a percentage of kills in entire the game.
 B = Kills by you in this place as a percentage of kills by you in the entire game.
 C = Kills by friends in this place as a percentage of kills by friends in the entire game.
 D = Other kills in this place as a percentage of other kills in the entire game.
 E = Experience gained in this place as a percentage of experience gained in the entire game.
 F = Experience gained in this place divided by the number of levels of this place that you have seen.
                   A       B       C       D       E      F
               +-------+-------+-------+-------+-------+----------------------
         Total | 100.0 | 100.0 |   N/A | 100.0 | 100.0 | 371.4
       Dungeon |  88.2 |  88.1 |   N/A | 100.0 |  88.5 | 383.5
        Bailey |  11.8 |  11.9 |   N/A |   0.0 |  11.5 | 299.0
               +-------+-------+-------+-------+-------+----------------------

Skill      XL: |  1  2  3  4  5  6  7  8  9 |
---------------+----------------------------+-----
Fighting       | 3 4 5 |  5.9
Stealth        | 1 2 3 4 |  4.6
Slings         | 1 2 4 5 |  5.3
Dodging        | 3 4 |  4.9
Armour         | 3 4 |  4.8
Long Blades    | 4 5 6 |  6.4

Action                   |  1- 3 |  4- 6 |  7- 9 || total
-------------------------+-------+-------+-------++-------
Melee: Falchion          |    74 |    83 |   158 ||   315
       Dagger            |    10 |       |       ||    10
       Long sword        |       |       |    24 ||    24
 Fire: Hunting sling     |    21 |    92 |   121 ||   234
Throw: Stone             |     8 |     8 |    13 ||    29
Invok: Berserk           |       |       |     5 ||     5
       Trog's Hand       |       |       |     1 ||     1
  Use: Scroll            |       |       |     1 ||     1
       Potion            |       |       |     1 ||     1
  Eat: Chunk             |     2 |     5 |    12 ||    19
Armor: Animal skin       |     2 |       |       ||     2
       Ring mail         |    15 |    38 |    14 ||    67
       Scale mail        |       |       |    41 ||    41
Dodge: Dodged            |    57 |    80 |   119 ||   256
       Rpst.: Falchion   |    11 |    19 |    24 ||    54
       Long sword        |       |       |     4 ||     4

Vanquished Creatures
  Pikel (D:4)
  Grinder (D:5)
  2 orc warriors (Bailey)
  An ogre (D:4)
  A big kobold (D:4)
  Blork the orc (D:4)
  3 scorpions
  A howler monkey (D:4)
  A jelly (D:7)
  2 crimson imps
  Crazy Yiuf (D:4)
  2 iguanas (D:4)
  Natasha (thrice) (D:2)
  2 orc wizards (D:5)
  10 adders
  3 oozes
  4 worms
  2 dart slugs
  3 leopard geckos
  17 orcs
  4 giant cockroaches
  10 goblins
  7 hobgoblins
  3 quokkas
  2 ball pythons
  3 bats
  6 frilled lizards
  A jackal skeleton (D:7)
  23 kobolds
  A leopard gecko skeleton (D:4)
  5 rats
  A fungus (D:4)
127 creatures vanquished.

Vanquished Creatures (others)
  An ogre (D:4)
1 creature vanquished.

Grand Total: 128 creatures vanquished
